 Dungeon Crawl Stone Soup version 0.32-a0-30-gefbe487952 (webtiles) character file.

Game seed: 17911602961497696816

18375 IdlyInterested the Slicer (level 12, -14/92 HPs)
             Began as a Demonspawn Gladiator on Jan 19, 2024.
             Demolished by Azrael
             ... wielding a +1 scimitar of flaming
              (15 damage)
             ... on level 12 of the Dungeon.
             The game lasted 00:51:10 (11214 turns).

IdlyInterested the Slicer (Demonspawn Gladiator)   Turns: 11214, Time: 00:51:11

Health: -14/92     AC: 12    Str: 17    XL:     12   Next: 27%
Magic:  12/12      EV: 12    Int: 13    God:
Gold:   653        SH:  0    Dex: 16    Spells: 11/11 levels left

rFire   + +          .
                       - Unarmed
rCold   x x .        (no shield)
rNeg    . . .        R - +3 salamander hide armour {Flames, rFlCloud rF++ rC--}
rPois   .            L - +2 helmet {Int+3}
rElec   .            n - scarf {+Inv}
rCorr   .            (no gloves)
SInv    .            J - +1 pair of boots
Will    .....        C - amulet of regeneration
Stlth   ++           D - +4 ring of protection
HPRegen 1.15/turn    (no ring)
MPRegen 0.13/turn

%: no passive effects
@: corroded
A: claws 1, demonic guardian 2, ignite blood 3, sharp scales 1
a: Evoke Invisibility


You were on level 12 of the Dungeon.
You visited 2 branches of the dungeon, and saw 13 of its levels.
You also visited: Ossuary and Bailey.

You collected 845 gold pieces.
You spent 192 gold pieces at shops.

Inventory:

Hand Weapons
 o - a +4 dagger of venom
 A - a +0 dagger of speed
 Q - a +4 dagger of chaos
Missiles
 d - 11 throwing nets
 e - 11 javelins
 f - 2 datura-tipped darts
 g - 56 stones (quivered)
 k - 32 poisoned darts
 y - 4 curare-tipped darts
 I - 8 boomerangs
 U - 3 atropa-tipped darts
Armour
 n - a scarf of invisibility (worn)
 J - a +1 pair of boots (worn)
 L - a +2 helmet of intelligence (worn)
 R - the +3 salamander hide armour (worn) {Flames, rFlCloud rF++ rC--}
   (You found it on level 10 of the Dungeon)

   Flames:    It surrounds you with flame clouds and enhances your fire magic.
   rFlCloud:  It grants immunity to flame clouds.
   rF++:      It greatly protects you from fire.
   rC--:      It makes you very vulnerable to cold.
Magical Staves
 G - a staff of fire
Jewellery
 C - an amulet of regeneration (around neck)
 D - a +4 ring of protection (left claw)
Wands
 v - a wand of quicksilver (26)
 B - a wand of flame (18)
 P - a wand of mindburst (9)
Scrolls
 a - 3 scrolls of revelation
 m - a scroll of fog
 u - a scroll of summoning
 w - a scroll of blinking
 x - a scroll of amnesia
 z - 3 scrolls of teleportation
 E - a scroll of enchant weapon
 F - a scroll of poison
 H - 6 scrolls of brand weapon
 T - a scroll of vulnerability
Potions
 c - a potion of might {unknown}
 h - 5 potions of magic
 i - 9 potions of curing
 j - 3 potions of haste
 p - 4 potions of enlightenment
 q - a potion of ambrosia {unknown}
 r - 3 potions of resistance
 s - a potion of brilliance {unknown}
 t - 2 potions of lignification
 O - 2 potions of attraction
 S - a potion of invisibility


   Skills:
 - Level 8.0 Fighting
 - Level 10.0 Short Blades
 - Level 10.0 Staves
 - Level 2.0 Throwing
 - Level 2.0 Armour
 - Level 3.0 Dodging
 - Level 2.0 Stealth
 - Level 2.0 Shields
 * Level 6.6 Unarmed Combat
 - Level 3.0 Fire Magic
 + Level 6.4 Evocations
 - Level 2.0 Shapeshifting


You had 11 spell levels left.
You didn't know any spells.
Your spell library contained the following spells:

 Spells                   Type           Power      Damage    Failure   Level
 Call Imp                 Summ           0%         N/A       50%         2
 Lesser Beckoning         Tloc           0%         N/A       50%         2
 Sublimation of Blood     Necr           0%         N/A       50%         2
 Fugue of the Fallen      Necr           0%         N/A       73%         3
 Gell's Gravitas          Tloc           0%         N/A       73%         3
 Ozocubu's Armour         Ice            0%         N/A       73%         3
 Teleport Other           Tloc           0%         N/A       73%         3
 Manifold Assault         Tloc           0%         N/A       98%         4
 Alistair's Intoxication  Alch           0%         N/A       100%        5
 Borgnjor's Vile Clutch   Necr/Erth      0%         N/A       100%        5
 Metabolic Englaciation   Hex/Ice        0%         N/A       100%        5
 Eringya's Noxious Bog    Alch           0%         4d6       100%        6
 Sculpt Simulacrum        Ice/Alch       0%         N/A       100%        6
 Malign Gateway           Summ/Tloc      0%         N/A       100%        7
 Summon Hydra             Summ           0%         N/A       100%        7
 Summon Horrible Things   Summ           0%         N/A       100%        8


Dungeon Overview and Level Annotations

Branches:
Dungeon (12/15)            Temple (1/1) D:7            Lair (0/5) D:10
    Orc (0/2) D:9         Ossuary (visited)          Bailey (visited)

Altars:
Ashenzari
Cheibriados
Dithmenos
Fedhas
Gozag
Hepliaklqana
Kikubaaqudgha
Makhleb
Nemelex Xobeh
Okawaru
Qazlal
Ru
Sif Muna
Trog
Uskayaw
Vehumet
Wu Jian
Xom
Yredelemnul

Shops:
D:8 *   D:10 ([*[

Annotations:
D:12 Azrael


Innate Abilities, Weirdness & Mutations

You have sharp fingernails.
A demonic guardian rushes to your aid.
Your demonic aura causes all spilled blood to erupt in flames.
You are partially covered in razor-sharp scales. (AC +1, Slay +1)


Message History

* * * LOW HITPOINT WARNING * * *
The blast of flame hits your orange demon!
The acid dragon is engulfed in blazing flames.
The fire elemental hits you. The fire elemental burns you! You resist.
* * * LOW HITPOINT WARNING * * *
You scratch the hell hound but do no damage.
The hell hound is almost dead.
The hell hound bites you but does no damage.
Your orange demon stings the hell hound from afar!
The hell hound dies!
The acid dragon is engulfed in blazing flames.
The acid dragon closely misses your orange demon.
The acid dragon claws your orange demon.
The fire elemental closely misses you.
You scratch the acid dragon but do no damage.
The acid dragon is almost dead.
The acid dragon is engulfed in blazing flames.
You kill the acid dragon!
Azrael hits you with a +1 scimitar of flaming.
* * * LOW HITPOINT WARNING * * *
Your orange demon stings Azrael from afar.
The fire elemental hits you. The fire elemental burns you! You resist.
* * * LOW HITPOINT WARNING * * *
A demonic guardian appears!
The fire elemental completely misses you.
You scratch Azrael but do no damage.
Azrael is lightly wounded.
The fire elemental closely misses you.
Azrael hits you with a +1 scimitar of flaming!
* * * LOW HITPOINT WARNING * * *
The fire elemental hits you. The fire elemental burns you! You resist.
* * * LOW HITPOINT WARNING * * *
Your orange demon stings Azrael from afar!
You claw Azrael! You claw Azrael.
Azrael is moderately wounded.
The fire elemental barely misses you. The fire elemental hits you.
The fire elemental burns you! You resist.
* * * LOW HITPOINT WARNING * * *
Azrael hits you with a +1 scimitar of flaming!
You die...

#...###...##.#
#... #...##.#
#.. #...# .#
#.. #...# #.
#...# #. #...#
#...# #44.#
#@☼.#
......EER☼..(..
......○h......(
###############


You could see Azrael (ally target), 2 fire elementals, a hell hound, a friendly
orange demon (summoned) and a friendly ice devil (summoned).

Vanquished Creatures
  3 two-headed ogres
  Sonja (D:10)
  A death drake (D:10)
  2 deep elf pyromancers
  An orc knight (Bailey)
  A cyclops (D:11)
  2 salamanders (D:10)
  Psyche (D:10)
  2 trolls
  A wraith (D:12)
  A wyvern (D:9)
  29 yaks
  2 steam dragons
  4 vampire mosquitoes (D:10)
  5 acid dragons
  A water moccasin (D:6)
  11 orc warriors
  2 sky beasts
  An ice beast (D:6)
  3 black bears
  An ogre (D:6)
  A wolf (D:5)
  4 centaurs
  4 phantoms
  2 kobold brigands
  4 necrophages (D:6)
  2 gnoll sergeants (D:5)
  A bullfrog (D:8)
  An elf zombie (Ossuary)
  3 scorpions (D:6)
  8 wights
  3 killer bees (D:4)
  2 howler monkeys (D:6)
  A lava snake (D:10)
  3 bullfrog zombies (D:6)
  6 hounds
  A gnoll bouda (D:5)
  A human zombie (Ossuary)
  3 orc priests
  2 centaur zombies
  4 iguanas
  Ijyb (D:3)
  7 orc wizards
  9 hound zombies (Ossuary)
  2 mummies (Ossuary)
  17 gnolls
  3 adders
  2 shadow imps (D:7)
  2 white imps
  2 ufetubi
  4 adder zombies (Ossuary)
  A ribbon worm (D:4)
  A dart slug (D:5)
  35 orcs
  7 bats (D:1)
  3 endoplasms
  A giant cockroach (D:3)
  7 goblins
  13 hobgoblins
  15 jackals
  5 quokkas
  6 ball pythons
  4 frilled lizards
  2 gnoll zombies (Ossuary)
  A goblin zombie (D:4)
  5 jackal zombies (Ossuary)
  20 kobolds
  5 orc zombies (Ossuary)
  7 rats
318 creatures vanquished.

Vanquished Creatures (collateral kills)
  A salamander mystic (D:10)
  A salamander (D:10)
  3 hell hounds (D:12)
  An ogre (D:7)
  An elf zombie (Ossuary)
  2 wights (D:6)
  A human zombie (Ossuary)
  An orc priest (D:7)
  A hound zombie (Ossuary)
  2 adder zombies (Ossuary)
  3 orcs
  A gnoll zombie (Ossuary)
  2 jackals (D:4)
  A kobold zombie (Ossuary)
  An orc zombie (Ossuary)
22 creatures vanquished.

Vanquished Creatures (others)
  An orc wizard (D:8)
1 creature vanquished.

Grand Total: 341 creatures vanquished

Notes
Turn   | Place    | Note
-------+----------+-------------------------------------------
     0 | D:1      | IdlyInterested the Demonspawn Gladiator began the quest for
                  | the Orb.
     0 | D:1      | Reached XP level 1. HP: 16/16 MP: 1/1
   179 | D:1      | Gained mutation: Your demonic aura sometimes causes spilled
                  | blood to erupt in flames. [demonic ancestry]
   179 | D:1      | Reached XP level 2. HP: 22/22 MP: 2/2
   572 | D:1      | Reached XP level 3. HP: 27/28 MP: 3/3
   769 | D:1      | Reached skill level 1 in Armour
  1206 | D:2      | Reached skill level 1 in Stealth
  1399 | D:2      | Gained mutation: Your demonic aura often causes spilled
                  | blood to erupt in flames. [demonic ancestry]
  1399 | D:2      | Reached XP level 4. HP: 32/34 MP: 4/4
  1504 | D:3      | Found an opulent altar of Gozag.
  1554 | D:3      | Noticed Ijyb
  1561 | D:3      | Killed Ijyb
  1562 | D:3      | Reached skill level 1 in Short Blades
  1562 | D:3      | Reached skill level 1 in Evocations
  1759 | D:3      | Gained mutation: A weak demonic guardian rushes to your
                  | aid. [demonic ancestry]
  1759 | D:3      | Reached XP level 5. HP: 36/41 MP: 5/5
  2028 | D:4      | Noticed a black bear
  2034 | D:4      | Killed a black bear
  2036 | D:4      | Noticed a centaur
  2045 | D:4      | Killed a centaur
  2046 | D:4      | Gained mutation: Your demonic aura causes all spilled blood
                  | to erupt in flames. [demonic ancestry]
  2046 | D:4      | Reached XP level 6. HP: 27/48 MP: 6/6
  2072 | D:4      | Identified the +5 ring mail of the Thunderstorm {rF+
                  | Slay+3}
  2086 | D:4      | Found a sand-covered staircase.
  2105 | Ossuary  | Entered an ossuary
  2457 | Ossuary  | Gained mutation: A demonic guardian rushes to your aid.
                  | [demonic ancestry]
  2457 | Ossuary  | Reached XP level 7. HP: 38/54 MP: 7/7
  2508 | Ossuary  | HP: 1/54 [human zombie (5)]
  2527 | Ossuary  | Reached skill level 5 in Short Blades
  3110 | D:4      | Found an ancient bone altar of Kikubaaqudgha.
  3369 | D:5      | Entered Level 5 of the Dungeon
  3731 | D:5      | Reached XP level 8. HP: 58/60 MP: 8/8
  4507 | D:6      | Noticed an air elemental
  4509 | D:6      | Found a stormy altar of Qazlal.
  4662 | D:6      | Reached skill level 1 in Shields
  4672 | D:6      | Gained mutation: You have sharp fingernails. [demonic
                  | ancestry]
  4672 | D:6      | Reached XP level 9. HP: 65/65 MP: 9/9
  4767 | D:6      | Found an iron altar of Okawaru.
  4913 | D:6      | Reached skill level 1 in Shapeshifting
  4969 | D:6      | Found a blossoming altar of Fedhas.
  5221 | D:6      | Reached skill level 1 in Fire Magic
  5371 | D:6      | Noticed a two-headed ogre
  5390 | D:6      | Killed a two-headed ogre
  5391 | D:6      | Reached skill level 10 in Short Blades
  5481 | D:6      | Reached XP level 10. HP: 71/71 MP: 10/10
  5513 | D:6      | Reached skill level 5 in Staves
  6123 | D:7      | Found a sparkling altar of Nemelex Xobeh.
  6203 | D:7      | Found a flagged portal.
  6229 | Bailey   | Entered a bailey
  6366 | Bailey   | Found a large runed translucent door.
  6366 | Bailey   | Found a large runed translucent door.
  6366 | Bailey   | Noticed a deep elf pyromancer
  6394 | Bailey   | Noticed an orc knight
  6412 | Bailey   | Killed an orc knight
  6457 | Bailey   | Killed a deep elf pyromancer
  6458 | Bailey   | Reached skill level 5 in Fighting
  6528 | Bailey   | Identified the +0 buckler of Salvation {Str-2 Dex+3}
  7067 | D:7      | Found a staircase to the Ecumenical Temple.
  7088 | Temple   | Entered the Ecumenical Temple
  7098 | D:7      | You fall into a shaft and drop 1 floor!
  7409 | D:8      | Found a shadowy altar of Dithmenos.
  7529 | D:8      | Found Yremud's General Store.
  7825 | D:8      | Identified the +11 war axe "Johud" {venom, +Blink rC-
                  | Will+}
  8192 | D:9      | Gained mutation: You are partially covered in razor-sharp
                  | scales. (AC +1, Slay +1) [demonic ancestry]
  8192 | D:9      | Reached XP level 11. HP: 83/83 MP: 11/11
  8231 | D:9      | Found a staircase to the Orcish Mines.
  8239 | D:9      | Noticed a two-headed ogre
  8249 | D:9      | Killed a two-headed ogre
  8747 | D:9      | Found a radiant altar of Vehumet.
  8911 | D:10     | Entered Level 10 of the Dungeon
  9074 | D:10     | Found Ypluw's Armour Emporium.
  9110 | D:10     | Found Voritel's Antique Weapon Boutique.
  9149 | D:10     | Noticed Psyche
  9168 | D:10     | Killed Psyche
  9377 | D:10     | Reached skill level 10 in Staves
  9385 | D:10     | a salamander changed into a death drake
  9385 | D:10     | Noticed a death drake
  9393 | D:10     | Killed a death drake
  9394 | D:10     | Reached skill level 1 in Unarmed Combat
  9448 | D:10     | Noticed a salamander mystic
  9467 | D:10     | Found the +3 salamander hide armour {Flames, rFlCloud rF++
                  | rC--}
  9518 | D:10     | Killed a salamander mystic
  9909 | D:10     | Noticed Sonja
  9912 | D:10     | Killed Sonja
  9947 | D:10     | Found Upneu's General Store.
  9951 | D:10     | Found Gan Ynaoh's Antique Armour Shop.
 10121 | D:10     | Reached skill level 5 in Evocations
 10121 | D:10     | Found a staircase to the Lair.
 10168 | D:10     | Bought a potion of resistance for 160 gold pieces
 10168 | D:10     | Bought a scroll of identify for 32 gold pieces
 10409 | D:11     | Noticed a deep elf pyromancer
 10416 | D:11     | Reached skill level 5 in Unarmed Combat
 10417 | D:11     | Reached XP level 12. HP: 56/92 MP: 12/12
 11167 | D:12     | Noticed a two-headed ogre
 11173 | D:12     | Killed a two-headed ogre
 11199 | D:12     | Noticed Azrael
 11213 | D:12     | HP: 2/92 [fire elemental[Azrael] (3)]
 11214 | D:12     | Demolished by Azrael

Illustrated notes

Levels and vault maps discovered:
D:1:      dpeg_cavernosity, layout_basic
D:2:      layout_rooms
D:3:      layout_rooms, mainiacjoe_overflow_small_starburst, nrook_uturn,
          uniq_ijyb
D:4:      layout_rooms, mainiacjoe_overflow_alcove_2, enter_ossuary_3,
          reono_crystal_passage, chequers_garden
D:5:      layout_cave_pools, serial_gnoll_camp, gnoll_camp_mini_sergeant,
          gnoll_camp_mini_doghouse, gnoll_camp_medium_02,
          gnoll_camp_mini_doghouse, grunt_ministairs_15, moated_statue
D:6:      minmay_general_purpose_star, layout_loops_corners,
          nicolae_qazlal_style_of_elements, fedhas_altar_decomposition,
          lemuel_round_altar, nicolae_zen_rock_garden, grunt_ministairs_2
D:7:      layout_rooms, mainiacjoe_overflow_brackets,
          minmay_temple_entry_sparse_star, enter_bailey_4
D:8:      layout_loops_ring, mainiacjoe_overflow_surrounded_room, serial_shops,
          nicolae_shop_trees
D:9:      layout_roguey, mainiacjoe_overflow_alcove_4, orc_0_dummy
D:10:     layout_roguey, lair_entry_dummy, serial_shops, nicolae_shop_stone,
          nicolae_shop_peninsula, shop, shop, kennysheep_path_1,
          kennysheep_flooded_box, hellmonk_guarded_unrand_salamander,
          uniq_psyche, uniq_sonja
D:11:     layout_irregular_city
D:12:     layout_long_grid, uniq_azrael
Temple:   nicolae_temple_two_arcs

Skill      XL: |  1  2  3  4  5  6  7  8  9 10 11 12 |
---------------+-------------------------------------+-----
Staves         | 3 4 8 10 | 10.0
Throwing       | 2 |  2.0
Dodging        | 3 |  3.0
Armour         | 1 2 |  2.0
Stealth        | 1 2 |  2.0
Fighting       | 3 4 6 8 |  8.0
Short Blades   | 1 3 4 6 8 10 | 10.0
Evocations     | 1 2 4 5 6 |  6.4
Shields        | 1 2 |  2.0
Shapeshifting  | 2 |  2.0
Fire Magic     | 3 |  3.0
Unarmed Combat | 5 6 |  6.6

Action                     |  1- 3 |  4- 6 |  7- 9 | 10-12 || total
---------------------------+-------+-------+-------+-------++-------
  Melee: Quarterstaff      |   100 |    83 |    70 |       ||   253
         Dagger            |    41 |    56 |   399 |   436 ||   932
         Staff             |       |       |       |    60 ||    60
         Unarmed           |       |       |       |    58 ||    58
         Punch             |       |       |       |     7 ||     7
  Throw: Stone             |       |     7 |    15 |    16 ||    38
         Javelin           |       |       |     6 |     2 ||     8
         Dart              |       |       |       |     3 ||     3
    Use: Potion            |       |     3 |     6 |     3 ||    12
         Scroll            |       |     5 |     2 |     9 ||    16
   Stab: Sleeping          |     1 |       |       |       ||     1
         Confused          |       |       |       |     2 ||     2
         Petrifying        |       |       |       |     1 ||     1
 Armour: Leather armour    |    81 |     7 |       |    95 ||   183
         Chain mail        |       |     9 |       |       ||     9
         Plate armour      |       |   160 |   189 |       ||   349
         Ring mail         |       |       |   227 |   174 ||   401
         Fire dragon scale |       |       |       |    32 ||    32
  Dodge: Dodged            |   112 |    61 |   233 |   210 ||   616
  Block: Buckler           |       |     4 |    61 |    71 ||   136

Table legend: (Time is in decaauts)
 A = Elapsed time spent in this place.
 B = Non-inter-level travel time spent in this place.
 C = Inter-level travel time spent in this place.
 D = Time resting spent in this place.
 E = Time spent auto-exploring this place.
 F = Levels seen in this place.
 G = Mean time per level.
                   A        B        C        D        E       F      G
               +--------+--------+--------+--------+--------+-----+--------+
         Total |  10880 |   9292 |   1588 |   1246 |   4524 |  15 |  725.3 |
       Dungeon |   9721 |   8138 |   1583 |    894 |   4487 |  12 |  810.1 |
        Temple |     19 |     14 |      5 |      0 |      0 |   1 |   19.0 |
       Ossuary |    785 |    785 |      0 |    332 |     23 |   1 |  785.0 |
        Bailey |    354 |    354 |      0 |     20 |     14 |   1 |  354.0 |
               +--------+--------+--------+--------+--------+-----+--------+

Top non-repeatable levels by time:
     D:6: 1363 daAuts
    D:10: 1243 daAuts
     D:1: 1002 daAuts
     D:4: 971 daAuts
     D:8: 879 daAuts
     D:5: 860 daAuts
 Ossuary: 785 daAuts
     D:9: 777 daAuts
     D:7: 776 daAuts
    D:11: 758 daAuts
     D:3: 524 daAuts
     D:2: 516 daAuts
  Bailey: 354 daAuts
    D:12: 47 daAuts
  Temple: 19 daAuts
